 Dungeon Sprint DCSS version 0.21.1-1-g345015f (webtiles) character file.

35 Fang the Skirmisher (level 3, 0/26 HPs)
             Began as a Gargoyle Berserker on June 11, 2018.
             Was a Follower of Trog.
             Slain by a tarantella (7 damage)
             ... in the Dungeon (Sprint V: "Ziggurat Sprint").
             The game lasted 00:00:38 (134 turns).

Fang the Skirmisher (Gargoyle Berserker)             Turns: 134, Time: 00:00:38

Health: 0/26       AC: 19    Str: 27    XL:     3   Next: 33%
Magic:  3/3        EV:  9    Int:  7    God:    Trog [*.....]
Gold:   0          SH:  0    Dex:  9    Spells: 2/2 levels left

rFire    . . .     SeeInvis .   l - +5 demon trident
rCold    . . .     Gourm    .   (no shield)
rNeg     + . .     Faith    .   j - +5 shadow dragon scales
rPois    ∞         Spirit   .   (no helmet)
rElec    +         Reflect  .   (no cloak)
rCorr    .         Harm     .   (no gloves)
MR       .....     NoTele   +   (no boots)
Stlth    ++........             (no amulet)
HPRegen  0.08/turn              G - ring of flight
MPRegen  0.08/turn              F - +6 ring of strength

@: confused, berserk cooldown, slowed, very slow
A: negative energy resistance 1, electricity resistance, unbreathing,
petrification resistance, rot immunity, AC +3
a: Berserk, Burn Spellbooks, Renounce Religion, Evoke Flight


You were in the Dungeon.
You worshipped Trog.
Trog was aware of your devotion.
You were not hungry.

You visited 1 branch

Inventory:

Hand Weapons
 k - a +5 executioner's axe
 l - a +5 demon trident (weapon)
Armour
 j - +5 shadow dragon scales (worn)
Jewellery
 a - the ring of Sin {Fire rElec rPois Int-4}
   (You found it in the Dungeon)

   [ring of fire]

   It enhances your fire magic.
   It affects your intelligence (-4).
   It protects you from fire.
   It makes you vulnerable to cold.
   It insulates you from electricity.
   It protects you from poison.
 F - a +6 ring of strength (right hand)
 G - a ring of flight (left hand)
Wands
 x - a wand of disintegration (7)
 y - a wand of iceblast (7)
 z - a wand of acid (7)
Scrolls
 i - 4 scrolls of blinking
 m - 7 scrolls of fog
 n - a scroll of holy word
 o - 5 scrolls of identify
 p - 5 scrolls of remove curse
 q - 2 scrolls of fear
Potions
 d - 10 potions of curing
 e - 10 potions of heal wounds
 f - 6 potions of haste
 g - 7 potions of magic
 h - 3 potions of berserk rage
 r - 2 potions of brilliance
 s - 2 potions of invisibility
 t - 4 potions of resistance
 u - a potion of experience
 v - 5 potions of agility
 w - 5 potions of might
Books
 b - a book of Cantrips

   Spells                             Type                      Level
   a - Confusing Touch                Hexes                        1
   b - Animate Skeleton               Necromancy                   1
   c - Summon Small Mammal            Summoning                    1
   d - Apportation                    Translocation                1
   Trog disapproves of the use of such an item.
Comestibles
 c - 7 rations
 A - 3 chunks of flesh


   Skills:
 + Level 5.3 Fighting
 + Level 4.5 Axes
 + Level 0.3(2.7) Polearms
 + Level 3.2 Armour
 + Level 2.2 Dodging


You had 2 spell levels left.
You didn't know any spells.

Dungeon Overview and Level Annotations

Branches:
Dungeon (1/1)

Altars:
Ashenzari
Cheibriados
Dithmenos
Elyvilon
Fedhas
Gozag
Hepliaklqana
Kikubaaqudgha
Makhleb
Nemelex Xobeh
Okawaru
Qazlal
Ru
Sif Muna
Trog
Uskayaw
Vehumet
Wu Jian
Xom
Yredelemnul
Zin
The Shining One
Beogh
Jiyva
Lugonu

Annotations:
D 1 transporter


Innate Abilities, Weirdness & Mutations

You are resistant to torment.
Your stone body is resilient. (AC +3)
You are immune to poison.
You resist negative energy. (rN+)
You are resistant to electric shocks. (rElec)
You can survive without breathing.
You are immune to petrification.
You are immune to rotting.


Message History

The scorpion stings you but does no damage.
Unknown command.
You bump into the unnaturally hard rock wall.
You feel a strong urge to attack something.
The jumping spider pounces on you.
You are caught in a web!
The jumping spider barely misses you. The tarantella bites you!
Unknown command.
The jumping spider pounces on you but does no damage.
The jumping spider bites you.
* * * LOW HITPOINT WARNING * * *
The scorpion stings you but does no damage.
The tarantella bites you but does no damage.
Unknown command.
You puncture the jumping spider!
The jumping spider is heavily wounded.
You are no longer berserk.
You are exhausted.
You feel yourself slow down.
The jumping spider leaps!
The tarantella bites you!
You die...

▓▓▓▓▓▓▓▓▓▓▓▓▓
▓.8©8.▓.8©8.▓
▓.|:s.▓.....▓
▓.....▓.....▓
▓.....▓.....▓
▓.....▓..†..▓
▓..ss.▓..©..▓
▓..@§.▓▓▓▓▓▓▓
▓▓▓▓▓▓▓


You could see a jumping spider, a tarantella and a scorpion.

Vanquished Creatures
  An iguana (D)
  A river rat (D)
2 creatures vanquished.

Notes
Turn   | Place    | Note
-------+----------+-------------------------------------------
     0 | D        | Found the +6 Majin-Bo {vamp, Archmagi MP+6 Int+6}
     0 | D        | Found the +7 great mace "Firestarter" {inner flame, rF++}
     0 | D        | Fang the Gargoyle Berserker began the quest for the Orb.
     0 | D        | Reached XP level 1. HP: 14/14 MP: 1/1
     3 | D        | Found a blossoming altar of Fedhas.
     4 | D        | Found a viscous altar of Jiyva.
     4 | D        | Found a hazy altar of Hepliaklqana.
     4 | D        | Found a transporter.
     4 | D        | Found an opulent altar of Gozag.
     4 | D        | Found an ancient bone altar of Kikubaaqudgha.
     4 | D        | Found a corrupted altar of Lugonu.
    11 | D        | Found a burning altar of Makhleb.
    12 | D        | Found a sacrificial altar of Ru.
    12 | D        | Found a stormy altar of Qazlal.
    12 | D        | Found a deep blue altar of Sif Muna.
    12 | D        | Found an iron altar of Okawaru.
    12 | D        | Found a bloodstained altar of Trog.
    12 | D        | Found a sparkling altar of Nemelex Xobeh.
    73 | D        | Entered arena 2.
    73 | D        | Noticed an iguana
    73 | D        | Found a transporter.
    76 | D        | Killed an iguana
    76 | D        | Reached skill level 5 in Fighting
    76 | D        | Reached XP level 2. HP: 21/21 MP: 2/2
    76 | D        | Reached XP level 3. HP: 26/26 MP: 3/3
    85 | D        | Got the ring of Sin {Fire rElec rPois Int-4}
   125 | D        | Entered arena 3.
   125 | D        | Noticed a tarantella
   125 | D        | Noticed a jumping spider
   125 | D        | Noticed a scorpion
   125 | D        | Found a transporter.
   134 | D        | Slain by a tarantella

Skill      XL: |  1 |
---------------+----+-----
Fighting       | 5 |  5.3
Axes           | 4 |  4.5
Armour         | 3 |  3.2
Dodging        | 2 |  2.2
Polearms       | |  0.3

Action                   || total
-------------------------++-------
Melee: Demon trident     ||    11
Invok: Berserk           ||     2
Armor: Shadow dragon sca ||     9
Dodge: Dodged            ||     2
